 Dungeon Crawl Stone Soup version 0.32-a0-290-g598725c5f2 (webtiles) character file.

Game seed: 15161681826425330290

119258 CougarLife the Destroyer (level 16, -4/97 HPs)
             Began as a Gargoyle Earth Elementalist on Feb 11, 2024.
             Was a High Priest of Vehumet.
             Constricted to death by a shambling mangrove (5 damage)
             ... on level 2 of the Swamp on Feb 14, 2024.
             The game lasted 02:00:46 (37244 turns).

CougarLife the Destroyer (GrEE)                    Turns: 37244, Time: 02:00:46

Health: -4/97      AC: 26    Str: 13    XL:     16   Next: 79%
Magic:  33/42      EV: 16    Int: 29    God:    Vehumet [*****.]
Gold:   1679       SH:  0    Dex: 16    Spells: 16/41 levels left

rFire   + . .        X - +4 battleaxe "Hydrabane" {flame, Will+ MP+9 Int+2}
rCold   + . .        (shield currently unavailable)
rNeg    + . .        x - +0 acid dragon scales
rPois   ∞            f - +0 helmet
rElec   +            C - scarf {rC+ rF+}
rCorr   +            T - +2 pair of gloves
SInv    .            q - +0 pair of boots
Will    ++...        z - amulet of magic regeneration
Stlth   +++          l - ring "Hemey" {Int+4 Dex+6}
HPRegen 0.36/turn    y - +5 ring of evasion
MPRegen 0.68/turn

%: no passive effects
@: grasped by roots, flying, constricted
A: sickness immunity, AC +12, big wings, negative energy resistance 1,
electricity resistance, torment resistance 1, petrification resistance
a: Renounce Religion


You were on level 2 of the Swamp.
You worshipped Vehumet.
Vehumet was extremely pleased with you.
You visited 5 branches of the dungeon, and saw 25 of its levels.

You collected 4271 gold pieces.
You spent 2592 gold pieces at shops.

Inventory:

Hand Weapons
 X - the +4 battleaxe "Hydrabane" (weapon) {flame, Will+ MP+9 Int+2}
   (You found it on level 7 of the Dungeon)

   Int+2:     It affects your intelligence (+2).
   Will+:     It increases your willpower.
   MP+9:      It affects your magic capacity (+9).
Missiles
 a - 3 throwing nets
Armour
 f - a +0 helmet (worn)
 q - a +0 pair of boots (worn)
 x - +0 acid dragon scales (worn)
 B - a +1 robe of willpower
 C - a scarf of resistance (worn)
 L - +0 ice dragon scales
 T - a +2 pair of gloves (worn)
Jewellery
 l - the ring "Hemey" (left hand) {Int+4 Dex+6}
   (You found it on level 2 of the Dungeon)

   [ring of dexterity]

   Int+4:     It affects your intelligence (+4).
   Dex+6:     It affects your dexterity (+6).
 v - a ring of magical power
 y - a +5 ring of evasion (right hand)
 z - an amulet of magic regeneration (around neck)
 H - a ring of positive energy
 W - a ring of resist corrosion
Wands
 m - a wand of polymorph (7)
 u - a wand of roots (39)
 w - a wand of charming (28)
 A - a wand of flame (91)
 D - a wand of mindburst (9)
 Q - a wand of acid (23)
Scrolls
 d - 3 scrolls of poison
 g - 3 scrolls of fog
 h - 6 scrolls of vulnerability
 j - 13 scrolls of enchant armour
 k - 6 scrolls of fear
 r - 4 scrolls of revelation
 t - a scroll of noise
 E - a scroll of brand weapon
 I - a scroll of immolation
 J - a scroll of torment
 N - a scroll of summoning
 O - 2 scrolls of amnesia
 P - a scroll of silence
 R - 3 scrolls of teleportation
 S - 3 scrolls of blinking
Potions
 b - 8 potions of mutation
 c - 7 potions of heal wounds
 e - 7 potions of curing
 i - 2 potions of ambrosia
 n - a potion of haste
 o - 2 potions of invisibility
 p - 3 potions of attraction
 s - 4 potions of lignification
 F - 5 potions of magic
 G - 2 potions of berserk rage
 K - 2 potions of brilliance
 M - 4 potions of might
 V - a potion of cancellation
Miscellaneous
 U - a phial of floods


   Skills:
 + Level 10.1 Fighting
 - Level 9.4 Armour
 - Level 5.7 Dodging
 - Level 6.5 Stealth
 + Level 13.2 Spellcasting
 + Level 14.8 Conjurations
 * Level 11.6 Fire Magic
 - Level 9.0 Air Magic
 - Level 10.3 Earth Magic


You had 16 spell levels left.
You knew the following spells:

 Your Spells              Type           Power      Damage    Failure   Level
a - Sandblast             Erth           100%       2d20      1%          1
b - Stone Arrow           Conj/Erth      100%       3d13      1%          3
c - Fireball              Conj/Fire      38%        3d16      1%          5
d - Starburst             Conj/Fire      38%        6d11      1%          6
e - Freezing Cloud        Conj/Ice/Air   30%        6-21      1%          5
f - Arcjolt               Conj/Air       36%        1d46      1%          5

Your spell library contained the following spells:

 Spells                   Type           Power      Damage    Failure   Level
 Spellforged Servitor     Conj/Summ      29%        N/A       36%         7
 Foxfire                  Conj/Fire      100%       2x1d9     0%          1
 Magic Dart               Conj           100%       1d8       0%          1
 Mercury Vapours          Alch/Air       90%        N/A       1%          2
 Momentum Strike          Conj/Tloc      100%       3d10      1%          2
 Scorch                   Fire           100%       2d9       1%          2
 Static Discharge         Conj/Air       100%       3-8/arc   1%          2
 Hailstorm                Conj/Ice       58%        3d11      1%          3
 Inner Flame              Hex/Fire       51%        N/A       1%          3
 Mephitic Cloud           Conj/Alch/Air  60%        N/A       1%          3
 Passwall                 Erth           68%        N/A       1%          3
 Airstrike                Air            31%        2d(5-21)  1%          4
 Brom's Barrelling Bould  Conj/Erth      75%        2d9       1%          4
 Flame Wave               Conj/Fire      77%        2d17      1%          4
 Ignite Poison            Fire/Alch      51%        N/A       1%          4
 Irradiate                Conj/Alch      29%        3d21      1%          5
 Conjure Ball Lightning   Conj/Air       36%        3x3d12    1%          6
 Plasma Beam              Fire/Air       34%        2x1d47    2%          6
 Necrotise                Necr           76%        1d7       3%          1
 Petrify                  Alch/Erth      49%        N/A       4%          4
 Blink                    Tloc           38%        N/A       5%          2
 Call Imp                 Summ           38%        N/A       5%          2
 Summon Lightning Spire   Summ/Air       45%        N/A       6%          4
 Call Canine Familiar     Summ           19%        N/A       11%         3
 Fugue of the Fallen      Necr           19%        N/A       11%         3
 Gell's Gravitas          Tloc           19%        N/A       11%         3
 Ozocubu's Armour         Ice            19%        N/A       11%         3
 Sigil of Binding         Hex            19%        N/A       11%         3
 Summon Ice Beast         Ice/Summ       19%        N/A       11%         3
 Teleport Other           Tloc           19%        N/A       11%         3
 Vampiric Draining        Necr           19%        2d7       11%         3
 Dimensional Bullseye     Hex/Tloc       9%         N/A       36%         4
 Manifold Assault         Tloc           19%        N/A       36%         4
 Martyr's Knell           Necr/Summ      19%        N/A       36%         4
 Ignition                 Fire           36%        3d11      45%         8
 Curse of Agony           Necr           19%        N/A       71%         5
 Metabolic Englaciation   Hex/Ice        9%         N/A       71%         5
 Summon Mana Viper        Hex/Summ       19%        N/A       71%         5
 Fire Storm               Conj/Fire      38%        8d10      97%         9
 Dispersal                Tloc           9%         N/A       99%         6
 Sculpt Simulacrum        Ice/Alch       9%         N/A       99%         6
 Chain Lightning          Conj/Air       36%        3d48      99%         9
 Monstrous Menagerie      Summ           9%         N/A       100%        7
 Shatter                  Erth           34%        3d27*     100%        9


Dungeon Overview and Level Annotations

Branches:
Dungeon (15/15)            Temple (1/1) D:4            Lair (5/5) D:10
  Swamp (2/4) Lair:2       Spider (0/4) Lair:3        Slime (0/5) Lair:4
    Orc (2/2) D:9             Elf (0/3) Orc:2        Vaults (0/5) D:14
 Depths (0/4) D:15

Altars:
Ashenzari
Cheibriados
Dithmenos
Elyvilon
Fedhas
Gozag
Hepliaklqana
Kikubaaqudgha
Makhleb
Nemelex Xobeh
Okawaru
Qazlal
Ru
Sif Muna
Trog
Uskayaw
Vehumet
Wu Jian
Xom
Yredelemnul
Zin
The Shining One
Beogh

Shops:
D:7 :   D:8 :   D:13 ?   D:15 *   Orc:2 ??[:

Annotations:
D:5 3 runed translucent doors, Gangsterbeez's ghost, novice MiFi
D:6 3 runed translucent doors, CougarLife's ghost, novice GrEE; DaftaChap's ghost, novice MfFi; Newt's ghost, novice DsGl; SaltyWalty's ghost, novice TeAE; Sekkong's ghost, novice MiFi
D:10 2 transporters
D:12 3 runed translucent doors, anacleto's ghost, journeyman MiHu
D:13 3 runed translucent doors, 2 exclusions, Diulaw's ghost, journeyman TeSu; Frances


Innate Abilities, Weirdness & Mutations

You are immune to sickness and miasma.
Your stone body is resilient. (AC +12)
You are immune to poison.
Your large and strong wings let you fly.
You resist negative energy. (rN+)
You are resistant to electric shocks. (rElec)
You are resistant to unholy torment.
You are immune to petrification.


Message History

You are yanked forward by the harpoon shot.
The will-o-the-wisp is engulfed in freezing vapours.
Roots burst forth from the earth!
The grasping roots grab you! The grasping roots constrict you!
Okay, then.
Unknown command.
Blink to where?
Press: ? - help, Dir - move target The roots' grasp on you weakens, but your attempt to escape fails.
As you read the scroll of blinking, it crumbles to dust.
The will-o-the-wisp gestures.
The will-o-the-wisp conjures some marshlight!
The swamp worm bites you but does no damage.
The grasping roots constrict you!
* * * LOW HITPOINT WARNING * * *
2 foxfires come into view.
Casting: Stone Arrow (safe; 1% risk of failure)
Confirm with . or Enter, or press ? or * to list all spells.
Aiming: Fireball (safe; 1% risk of failure)
Press: ? - help, Shift-Dir - straight line, f - will-o-the-wisp
Aim: a will-o-the-wisp (moderately damaged)
The fireball explodes!
The fireball engulfs the will-o-the-wisp!
The will-o-the-wisp resists.
The will-o-the-wisp is heavily damaged.
The fireball engulfs the foxfire.
The foxfire completely resists.
You hear a sizzling sound!
The fireball engulfs the foxfire.
The foxfire completely resists.
The fireball engulfs the shambling mangrove!!
The shambling mangrove is moderately damaged.
You hear a sizzling sound!
You hear a shout! x3
The foxfire hits you! You resist.
* * * LOW HITPOINT WARNING * * *
The foxfire hits you. You resist.
* * * LOW HITPOINT WARNING * * *
The swamp worm bites you!
* * * LOW HITPOINT WARNING * * *
The grasping roots constrict you.
You die...

~ ~...~~~~~<...##..§~~~~.♣
~ ...~~..~~.§.....~......♣
.♣.~~.~~~~~~...#..........♣
..i~~~.~~~~~~..#..~.......♣
i.§§i~.~..~~~..##....##.~♣♣
~~~~~~.......~...#..##..♣♣
~~.§~...~~~..~♣..###§§§..
~<~~~♣~.~~~~..~~..§)○§§~.
[..~.♣ .~~~~...~@v§°§♣...
.♣♣♣♣♣ .~~~§§♣~~wf.§.☼§~. .
♣.§~~~♣♣~♣♣.~~§§~~ . ♣~.~~.
... ~~.○§~. ♣ ...
...~~.....~~ ...
.~§....~♣§.~~
~§~~~.~....~~.
§~.~§.♣♣.~..§~ ~...~~.♣
.~.♣


You could see a shambling mangrove, a will-o-the-wisp and a swamp worm.

Vanquished Creatures
  2 eleionomae
  A bunyip (Swamp:1)
  Snorg (Orc:2)
  A fire dragon (D:15)
  Erolcha (D:13)
  3 vault guards (D:14)
  6 hydras
  Harold (D:9)
  2 ice dragons
  4 alligators
  A merfolk avatar (Lair:5)
  3 centaur warriors
  Erica (D:9)
  4 ogre magi
  3 boulder beetles
  11 two-headed ogres
  2 catoblepae
  3 tengu warriors
  7 death yaks
  2 orc high priests (Orc:2)
  Nergalle (Orc:2)
  2 deep elf knights (D:14)
  7 skeletal warriors (D:14)
  A spriggan druid (Swamp:1)
  A goliath frog (Swamp:2)
  A skyshark (Lair:5)
  3 sea snakes (Lair:5)
  Pikel (D:3)
  A harpy (shapeshifter) (D:14)
  A lindwurm (Lair:4)
  2 manticores
  6 deep elf pyromancers
  10 orc sorcerers
  5 cyclopes
  5 orc knights
  A kobold blastminer (Orc:1)
  18 elephants
  A guardian serpent (D:11)
  6 meliai
  An ice statue (Lair:1)
  Joseph (D:9)
  4 black mambas
  A gargoyle (D:13)
  A torpor snail (Lair:1)
  6 rime drakes
  9 komodo dragons
  Maggie (D:7)
  19 cane toads
  2 unseen horrors (D:12)
  An efreet (D:13)
  2 kobold demonologists (D:6)
  Psyche (D:9)
  An ice devil (Lair:1)
  3 trolls
  2 tyrant leeches (Swamp:1)
  7 polar bears
  7 hornets
  9 blink frogs
  Grinder (D:3)
  16 dream sheep
  17 slime creatures
  A shadow (D:11)
  4 culicivoras (Lair:3)
  Sigmund (D:4)
  3 vampires
  A wraith (D:13)
  A dire elephant simulacrum (Lair:1)
  5 spriggans (Swamp:2)
  5 wyverns
  77 yaks
  A fire bat (shapeshifter) (D:15)
  2 humans (D:14)
  5 wargs
  Menkaure (D:6)
  9 basilisks
  2 steam dragons
  6 vampire mosquitoes
  4 acid dragons
  4 swamp worms
  10 water moccasins
  25 orc warriors
  A black bear (D:10)
  15 ogres
  4 centaurs
  10 wolves
  A lemure (D:4)
  9 bullfrogs
  4 kobold brigands
  A gnoll sergeant (D:10)
  9 scorpions
  A two-headed ogre simulacrum (Lair:1)
  A cane toad simulacrum (Lair:1)
  7 killer bees
  An elephant simulacrum (Lair:1)
  2 howler monkeys (D:11)
  2 bombardier beetles
  3 hounds
  A gnoll bouda (D:7)
  12 orc priests
  2 sleepcaps (D:5)
  5 iguanas
  Ijyb (D:4)
  43 orc wizards
  A troll simulacrum (Lair:1)
  4 hell rats (Lair:2)
  A polar bear simulacrum (Lair:1)
  16 gnolls
  8 adders
  A naga simulacrum (Lair:1)
  2 white imps
  5 dart slugs
  4 ribbon worms
  82 orcs
  10 ball pythons
  6 endoplasms
  9 giant cockroaches
  12 goblins
  13 hobgoblins
  6 jackals
  7 bats
  5 frilled lizards
  27 kobolds
  7 rats
  3 butterflies (D:11)
775 creatures vanquished.

Vanquished Creatures (others)
  A bloated husk (Swamp:1)
  An orc (D:7)
  2 foxfires (Swamp:2)
4 creatures vanquished.

Grand Total: 779 creatures vanquished

Notes
Turn   | Place    | Note
-------+----------+-------------------------------------------
     0 | D:1      | CougarLife the Gargoyle Earth Elementalist began the quest
                  | for the Orb.
     0 | D:1      | Reached XP level 1. HP: 10/10 MP: 3/3
   103 | D:1      | Reached XP level 2. HP: 9/15 MP: 0/5
   497 | D:1      | Reached XP level 3. HP: 19/19 MP: 4/6
   500 | D:1      | Reached skill level 2 in Conjurations
   574 | D:1      | Learned a level 3 spell: Stone Arrow
   957 | D:2      | Reached XP level 4. HP: 3/24 MP: 4/8
  1132 | D:2      | Found an iron altar of Okawaru.
  1350 | D:2      | Identified the ring "Hemey" {Int+4 Dex+6}
  1662 | D:3      | Noticed Grinder
  1675 | D:3      | Killed Grinder
  1676 | D:3      | Reached skill level 3 in Conjurations
  1676 | D:3      | Reached skill level 5 in Earth Magic
  1676 | D:3      | Reached XP level 5. HP: 28/28 MP: 1/10
  1676 | D:3      | Reached XP level 6. HP: 32/32 MP: 1/11
  1764 | D:3      | Learned a level 4 spell: Brom's Barrelling Boulder
  2575 | D:3      | Reached skill level 4 in Conjurations
  2806 | D:4      | Noticed Pikel
  2924 | D:3      | HP: 1/32 [lemure[Pikel] (6)]
  2926 | D:3      | Killed Pikel
  2927 | D:3      | Reached skill level 5 in Spellcasting
  2927 | D:3      | Reached skill level 5 in Conjurations
  2927 | D:3      | Reached XP level 7. HP: 2/36 MP: 6/14
  2927 | D:3      | Reached XP level 8. HP: 3/41 MP: 6/15
  3189 | D:4      | Noticed Sigmund
  3196 | D:4      | Killed Sigmund
  3301 | D:4      | Found a bloodstained altar of Trog.
  3465 | D:4      | Found a staircase to the Ecumenical Temple.
  3517 | Temple   | Found a transporter.
  3517 | Temple   | Found a transporter.
  3517 | Temple   | Found a transporter.
  3517 | Temple   | Found a transporter.
  3517 | Temple   | Entered the Ecumenical Temple
  3531 | Temple   | Became a worshipper of Vehumet
  3683 | D:4      | Noticed Ijyb
  3687 | D:4      | Killed Ijyb
  3764 | D:5      | Entered Level 5 of the Dungeon
  3771 | D:5      | Reached skill level 6 in Conjurations
  4237 | D:5      | Found a shimmering blue altar of Sif Muna.
  4496 | D:5      | Found a runed translucent gate.
  4501 | D:5      | Found a runed translucent gate.
  4501 | D:5      | Found a runed translucent gate.
  4502 | D:5      | Noticed Gangsterbeez's ghost (novice MiFi)
  4630 | D:5      | Reached XP level 9. HP: 45/45 MP: 13/17
  4847 | D:6      | Noticed a kobold demonologist
  4847 | D:6      | Noticed a kobold demonologist
  4854 | D:5      | Reached skill level 5 in Stealth
  5062 | D:6      | Found a runed translucent gate.
  5063 | D:6      | Found a runed translucent gate.
  5065 | D:6      | Found a runed translucent gate.
  5066 | D:6      | Noticed DaftaChap's ghost (novice MfFi)
  5067 | D:6      | Noticed Newt's ghost (novice DsGl)
  5067 | D:6      | Noticed SaltyWalty's ghost (novice TeAE)
  5067 | D:6      | Noticed Sekkong's ghost (novice MiFi)
  5067 | D:6      | Noticed CougarLife's ghost (novice GrEE)
  5123 | D:6      | Reached * piety under Vehumet
  5123 | D:6      | Offered knowledge of Kiss of Death by Vehumet.
  5146 | D:6      | Noticed Menkaure
  5410 | D:6      | Killed a kobold demonologist
  5411 | D:6      | Reached skill level 7 in Conjurations
  5484 | D:6      | Killed a kobold demonologist
  5993 | D:6      | Found a stormy altar of Qazlal.
  5996 | D:6      | Killed Menkaure
  6296 | D:7      | Found Hemuomu's Tremendous Tomes.
  6408 | D:7      | Found a burning altar of Makhleb.
  6434 | D:7      | Noticed Maggie
  6440 | D:7      | Noticed a hornet
  6443 | D:7      | Killed Maggie
  6449 | D:7      | Found a sparkling altar of Nemelex Xobeh.
  6453 | D:7      | Identified a scroll of acquirement
  6453 | D:7      | Acquired a book of Annihilations
  6466 | D:7      | Killed a hornet
  6467 | D:7      | Reached XP level 10. HP: 15/50 MP: 0/20
  6804 | D:7      | Identified the +1 rapier "Istrof" {heavy, *Noise *Slow
                  | Str+2 Int+6}
  6905 | D:7      | Identified the +7 whip "Ziyp" {antimagic, rElec rF- Str+7}
  7138 | D:7      | Identified the +4 battleaxe "Hydrabane" {flame, Will+ MP+9
                  | Int+2}
  7796 | D:8      | Reached ** piety under Vehumet
  7868 | D:8      | Offered knowledge of Mercury Vapours by Vehumet.
  7869 | D:8      | Reached skill level 8 in Conjurations
  8123 | D:8      | Found a broken altar of Ashenzari.
  8520 | D:8      | Found Motaodd's Book Emporium.
  8974 | D:9      | Noticed Erica
  8980 | D:9      | Killed Erica
  8981 | D:9      | Reached skill level 5 in Dodging
  8981 | D:9      | Reached skill level 10 in Earth Magic
  9089 | D:9      | Found a staircase to the Orcish Mines.
  9772 | D:9      | Noticed Harold
  9781 | D:9      | Killed Harold
  9781 | D:9      | Offered knowledge of Momentum Strike by Vehumet.
 10010 | D:9      | Reached XP level 11. HP: 54/54 MP: 20/22
 10014 | D:9      | Reached skill level 1 in Armour
 10018 | D:9      | Reached skill level 9 in Conjurations
 10018 | D:9      | Reached skill level 1 in Fire Magic
 10322 | D:9      | Noticed Joseph
 10330 | D:9      | Killed Joseph
 10449 | D:9      | Noticed Psyche
 10459 | D:9      | Killed Psyche
 10463 | D:9      | Reached *** piety under Vehumet
 10862 | D:10     | Entered Level 10 of the Dungeon
 10866 | D:10     | Identified the +2 robe of Mumblety Peg {rF+ Str+2}
 10997 | D:10     | Found an ancient bone altar of Kikubaaqudgha.
 11006 | D:10     | Found a blossoming altar of Fedhas.
 11011 | D:10     | Found a shadowy altar of Dithmenos.
 11080 | D:10     | Offered knowledge of Dazzling Flash by Vehumet.
 11088 | D:10     | Reached skill level 5 in Armour
 11379 | D:10     | Noticed a two-headed ogre
 11386 | D:10     | Killed a two-headed ogre
 11420 | D:10     | Noticed a two-headed ogre
 11426 | D:10     | Killed a two-headed ogre
 11471 | D:10     | Found the +8 frozen axe "Frostbite" {freeze, freezing
                  | cloud, *Noise Fly rC+}
 11483 | D:10     | Found a transporter.
 11511 | D:10     | Found a staircase to the Lair.
 11971 | D:10     | Found a transporter.
 12088 | D:11     | Reached skill level 10 in Conjurations
 12234 | D:11     | Noticed a two-headed ogre
 12240 | D:11     | Killed a two-headed ogre
 12420 | D:11     | Reached XP level 12. HP: 39/59 MP: 24/24
 12536 | D:11     | Noticed a two-headed ogre
 12540 | D:11     | Killed a two-headed ogre
 12655 | D:11     | Reached skill level 5 in Fire Magic
 12678 | D:11     | Learned a level 6 spell: Starburst
 12731 | D:11     | Learned a level 5 spell: Freezing Cloud
 12882 | D:11     | Found a runed translucent door.
 12884 | D:11     | Found a runed translucent door.
 13127 | D:11     | Reached skill level 1 in Air Magic
 13128 | D:11     | Reached **** piety under Vehumet
 13301 | Lair:1   | Entered Level 1 of the Lair of Beasts
 13427 | Lair:1   | Offered knowledge of Sticky Flame by Vehumet.
 13490 | Lair:1   | Reached skill level 11 in Conjurations
 13694 | Lair:1   | Noticed an ice dragon
 13708 | Lair:1   | Reached skill level 1 in Fighting
 13741 | Lair:1   | Noticed a death yak
 13890 | Lair:1   | Killed an ice dragon
 14084 | Lair:1   | Killed a death yak
 14225 | Lair:1   | HP: 2/66 [ice statue] (5)]
 14657 | Lair:1   | Reached skill level 10 in Spellcasting
 14739 | Lair:1   | Noticed a catoblepas
 14760 | Lair:1   | Killed a catoblepas
 14761 | Lair:1   | Reached XP level 13. HP: 51/72 MP: 16/27
 14873 | Lair:1   | Reached skill level 5 in Fighting
 15119 | Lair:1   | Reached skill level 5 in Air Magic
 15988 | Lair:2   | Reached ***** piety under Vehumet
 15990 | Lair:2   | Offered knowledge of Arcjolt by Vehumet.
 16333 | Lair:2   | Found a staircase to the Swamp.
 17166 | Lair:2   | Learned a level 5 spell: Arcjolt
 17561 | Lair:3   | Found a shimmering altar of Xom.
 18599 | Lair:3   | Found a hole to the Spider Nest.
 19542 | Lair:4   | Gained mutation: Your large and strong wings let you fly.
                  | [Gargoyle growth]
 19542 | Lair:4   | Reached XP level 14. HP: 83/83 MP: 17/28
 19543 | Lair:4   | Reached skill level 12 in Conjurations
 20170 | Lair:4   | Acquired 959 gold pieces
 20626 | Lair:4   | Found a staircase to the Slime Pits.
 20978 | Lair:5   | Entered Level 5 of the Lair of Beasts
 21304 | Lair:5   | Identified the +3 mace of Mana {protect, *Noise rPois
                  | Str+2}
 21767 | Lair:5   | Offered knowledge of Ozocubu's Refrigeration by Vehumet.
 22882 | Lair:5   | Reached skill level 13 in Conjurations
 23329 | Lair:5   | Reached XP level 15. HP: 88/88 MP: 12/30
 23522 | Lair:5   | Upgraded the game from 0.32-a0-163-g159c032296 to
                  | 0.32-a0-172-gc5dd13f2a7
 23931 | D:12     | Found a runed translucent gate.
 23931 | D:12     | Found a runed translucent gate.
 23932 | D:12     | Found a runed translucent gate.
 23933 | D:12     | Noticed anacleto's ghost (journeyman MiHu)
 24933 | D:12     | Got Odoavau's Discourse on the Singed Barrage
 25001 | D:12     | Learned a level 5 spell: Fireball
 25675 | Orc:1    | Entered Level 1 of the Orcish Mines
 26242 | Orc:1    | Offered knowledge of Eringya's Noxious Bog by Vehumet.
 27064 | Orc:2    | Entered Level 2 of the Orcish Mines
 27067 | Orc:2    | Noticed Snorg
 27076 | Orc:2    | Killed Snorg
 27148 | Orc:2    | Found a staircase to the Elven Halls.
 28812 | Orc:2    | Found Attiyssuo's Magic Scroll Emporium.
 28948 | Orc:2    | Bought a scroll of identify for 22 gold pieces
 28948 | Orc:2    | Bought a scroll of identify for 22 gold pieces
 28948 | Orc:2    | Bought a scroll of identify for 22 gold pieces
 28948 | Orc:2    | Bought a scroll of enchant armour for 82 gold pieces
 28999 | Orc:2    | Found a radiant altar of Vehumet.
 29166 | Orc:2    | Found Duuzuo Ired's Magic Scroll Shoppe.
 29297 | Orc:2    | Found an ancient bone altar of Kikubaaqudgha.
 29297 | Orc:2    | Noticed Nergalle
 29303 | Orc:2    | Killed Nergalle
 29364 | Orc:2    | Bought a scroll of blinking for 112 gold pieces
 29364 | Orc:2    | Bought a scroll of acquirement for 780 gold pieces
 29364 | Orc:2    | Acquired 771 gold pieces
 29525 | Orc:2    | Found Ehoqiziu's Antique Armour Shoppe.
 29537 | Orc:2    | Found Kyfitwuo's Book Emporium.
 30241 | D:13     | Offered knowledge of Lee's Rapid Deconstruction by Vehumet.
 30294 | D:13     | Found Tinu's Magic Scroll Boutique.
 30302 | D:13     | Bought 3 scrolls of blinking for 337 gold pieces
 30302 | D:13     | Bought a scroll of teleportation for 45 gold pieces
 30722 | D:13     | Noticed Frances
 31213 | D:13     | Noticed Erolcha
 31218 | D:13     | Killed Erolcha
 31293 | D:13     | Found a runed translucent gate.
 31293 | D:13     | Found a runed translucent gate.
 31293 | D:13     | Found a runed translucent gate.
 31337 | D:13     | Noticed Diulaw's ghost (journeyman TeSu)
 31508 | D:14     | Reached skill level 14 in Conjurations
 31763 | D:14     | Reached XP level 16. HP: 78/95 MP: 22/32
 32008 | D:14     | Found a gate to the Vaults.
 32313 | D:14     | Reached skill level 10 in Fire Magic
 33034 | D:14     | Identified the +1 ring mail of Immorality {rPois Str+3
                  | SInv}
 33525 | D:15     | Entered Level 15 of the Dungeon
 33864 | D:15     | Found Woengiul's General Store.
 35180 | D:15     | Found a staircase to the Depths.
 35242 | D:15     | Identified the +2 mace of the Boiling Point {holy, rF-
                  | Str+3 Dex+3}
 35829 | D:7      | Bought the Tractate on Fulgent Flames for 1170 gold pieces
 35829 | D:7      | Upgraded the game from 0.32-a0-172-gc5dd13f2a7 to
                  | 0.32-a0-290-g598725c5f2
 35991 | Swamp:1  | Entered Level 1 of the Swamp
 36249 | Swamp:1  | Offered knowledge of Spellforged Servitor by Vehumet.
 37049 | Swamp:2  | Reached skill level 10 in Fighting
 37244 | Swamp:2  | HP: 1/97 [swamp worm (8)]
 37244 | Swamp:2  | Constricted to death by a shambling mangrove

Illustrated notes

Levels and vault maps discovered:
D:1:      dpeg_arrival_orchard, layout_basic
D:2:      layout_basic, basic_altar
D:3:      layout_loops_corners, minmay_misc_feat_enclosed,
          kennysheep_another_room, uniq_grinder
D:4:      layout_rooms, lemuel_doored_altar, minmay_temple_entry_offerings,
          grunt_ministairs_13, uniq_ijyb, uniq_sigmund, uniq_pikel
D:5:      layout_cave_pools, led_sif_book, gammafunk_ghost_nasty_kobolds,
          palyth_stone_intersect
D:6:      layout_loops_ring, kennysheep_little_box, gammafunk_ghost_cemetery,
          grunt_ministairs_13, chequers_decorated_corner, st_stairs_2,
          uniq_menkaure
D:7:      corexii_shantytown, layout_basic, mainiacjoe_overflow_catch_the_wave,
          nicolae_shop_i_like_big_books, chequers_serial_rivers_micro_d,
          chequers_jeans, minmay_misc_feat_x, feat_on_display, uniq_maggie
D:8:      layout_layer_cave, nicolae_ashenzari_skybound, serial_shops, shop,
          minmay_misc_feat_nine_boxes
D:9:      layout_roguey, david_orc_2, uniq_psyche, uniq_erica, uniq_joseph,
          uniq_harold
D:10:     layout_long_grid, grunt_temple_overflow_diamond, david_lair_generic,
          glass_columns_b, nicolae_diode_stairs
D:11:     lemuel_insect_pit, layout_irregular_city,
          nrook_guardian_serpent_ordinary
D:12:     cheibrodos_wizards_tower, layout_loops_ring,
          maelrawn_ghost_gauntlet_escape
D:13:     layout_long_grid, serial_shops, shop_fountains, gammafunk_ghost_icy,
          minmay_microvault, uniq_erolcha, uniq_frances
D:14:     layout_rooms, grunt_vaults_entry_fortified, minivault_24, drop_trap
D:15:     grunt_enter_depths_hoard, layout_small_grid, serial_shops, shop
Temple:   hellmonk_temple_divided_pantheon
Lair:1:   dreamdust_isle_of_ice, layout_long_grid
Lair:2:   layout_regular_city, swamp_mist_pool
Lair:3:   layout_gridlike, hellmonk_spider_entry_life_and_decay, basic_altar,
          lemuel_fruit_tree
Lair:4:   layout_regular_city, dpeg_slime_entry_enclosed
Lair:5:   gammafunk_lair_ancient_temple, layout_cave_pods, minivault_23
Swamp:1:  layout_falls_marsh, evilmike_swamp_ruin_wall,
          nicolae_swamp_decorative_isthmus
Swamp:2:  layout_basic_swamp, evilmike_swamp_ruin_house_4, st_swamp_ruins_3,
          uniq_mlioglotl, uniq_louise, uniq_roxanne
Orc:1:    layout_diamond_mine
Orc:2:    kennysheep_orc_mage_school, layout_caves, uniq_snorg

Skill      XL: |  1  2  3  4  5  6  7  8  9 10 11 12 13 14 15 16 |
---------------+-------------------------------------------------+-----
Earth Magic    | 4 5 7 8 9 10 | 10.3
Conjurations   | 2 3 5 6 7 8 10 11 13 14 | 14.8
Spellcasting   | 3 5 6 7 8 10 11 12 13 | 13.2
Stealth        | 4 6 |  6.5
Dodging        | 3 5 |  5.7
Armour         | 6 8 9 |  9.4
Fire Magic     | 4 5 6 9 11 | 11.6
Air Magic      | 4 7 9 |  9.0
Fighting       | 4 7 8 10 | 10.1

Action                     |  1- 3 |  4- 6 |  7- 9 | 10-12 | 13-15 | 16-18 || total
---------------------------+-------+-------+-------+-------+-------+-------++-------
  Melee: Dagger            |    21 |     2 |       |     2 |     8 |       ||    33
   Cast: Sandblast         |    49 |    59 |   119 |   207 |    88 |     1 ||   523
         Stone Arrow       |       |    13 |    22 |   132 |   314 |    80 ||   561
         Freezing Cloud    |       |       |       |    21 |   289 |    64 ||   374
         Starburst         |       |       |       |       |     3 |    13 ||    16
         Arcjolt           |       |       |       |       |     1 |       ||     1
         Fireball          |       |       |       |       |     4 |    57 ||    61
  Evoke: Wand              |       |       |       |     2 |       |       ||     2
    Use: Potion            |     1 |     2 |       |    11 |     2 |       ||    16
         Scroll            |       |       |    13 |     3 |    11 |     1 ||    28
   Stab: Sleeping          |       |       |       |       |     1 |       ||     1
 Armour: Robe              |    30 |    20 |    62 |    98 |    43 |       ||   253
         Skin              |       |       |       |    21 |       |       ||    21
         Acid dragon scale |       |       |       |       |    53 |    58 ||   111
  Dodge: Dodged            |    25 |    18 |    60 |   151 |   101 |    59 ||   414

Table legend: (Time is in decaauts)
 A = Elapsed time spent in this place.
 B = Non-inter-level travel time spent in this place.
 C = Inter-level travel time spent in this place.
 D = Time resting spent in this place.
 E = Time spent auto-exploring this place.
 F = Levels seen in this place.
 G = Mean time per level.
                   A        B        C        D        E       F      G
               +--------+--------+--------+--------+--------+-----+--------+
         Total |  37561 |  34831 |   2730 |  14530 |  10238 |  25 | 1502.4 |
       Dungeon |  21836 |  19696 |   2140 |   6937 |   7047 |  15 | 1455.7 |
        Temple |     32 |     16 |     16 |      0 |      0 |   1 |   32.0 |
          Lair |  10251 |   9796 |    455 |   4746 |   2393 |   5 | 2050.2 |
         Swamp |   1254 |   1221 |     33 |    528 |    215 |   2 |  627.0 |
  Orcish Mines |   4184 |   4099 |     85 |   2319 |    583 |   2 | 2092.0 |
               +--------+--------+--------+--------+--------+-----+--------+

Top non-repeatable levels by time:
   Orc:2: 2782 daAuts
  Lair:1: 2669 daAuts
  Lair:5: 2567 daAuts
    D:14: 2181 daAuts
    D:12: 2005 daAuts
  Lair:2: 1892 daAuts
     D:8: 1864 daAuts
  Lair:4: 1791 daAuts
    D:15: 1766 daAuts
     D:9: 1742 daAuts
     D:7: 1560 daAuts
    D:10: 1537 daAuts
    D:11: 1410 daAuts
     D:3: 1409 daAuts
   Orc:1: 1402 daAuts
